 Dungeon Crawl Stone Soup version 0.31-a0-771-g505c3d19dc (webtiles) character file.

Game seed: 3855962497922758242

338 garrulousMonolith the Digger (level 6, 0/32 HPs)
             Began as a Gargoyle Earth Elementalist on Sept 17, 2023.
             Shot with an arrow by a centaur (11 damage)
             ... on level 5 of the Dungeon.
             The game lasted 00:03:40 (2760 turns).

garrulousMonolith the Digger (GrEE)                 Turns: 2760, Time: 00:03:40

Health: 0/32       AC:  7    Str: 11    XL:     6   Next: 55%
Magic:  10/10      EV: 11    Int: 18    God:
Gold:   169        SH:  0    Dex: 10    Spells: 5/11 levels left

rFire   . . .        q - +1 mace (holy)
rCold   . . .        (no shield)
rNeg    + . .        e - +0 leather armour
rPois   ∞            (no helmet)
rElec   +            (no cloak)
rCorr   .            (no gloves)
SInv    .            (no boots)
Will    .....        (no amulet)
Stlth   +            (no ring)
HPRegen 0.25/turn    (no ring)
MPRegen 0.12/turn

%: no passive effects
@: confused, ambrosia-drunk
A: sickness immunity, AC +4, negative energy resistance 1, electricity
resistance, torment resistance 1, petrification resistance
a: no special abilities


You were on level 5 of the Dungeon.
You visited 1 branch of the dungeon, and saw 4 of its levels.

You collected 169 gold pieces.

Inventory:

Hand Weapons
 i - a +0 hand axe
 q - a +1 mace of holy wrath (weapon)
Missiles
 c - 2 throwing nets
 f - 4 poisoned darts
Armour
 a - a +0 robe
 e - a +0 leather armour (worn)
Jewellery
 p - a ring of see invisible
Scrolls
 h - a scroll of immolation {unknown}
 k - 3 scrolls of teleportation
 l - a scroll of enchant armour {unknown}
 m - 2 scrolls of revelation {unknown}
Potions
 b - a potion of magic
 d - 2 potions of mutation
 j - 2 potions of attraction
 n - a potion of brilliance {unknown}
 o - a potion of lignification {unknown}


   Skills:
 - Level 1.5 Dodging
 - Level 2.1 Stealth
 + Level 3.2 Spellcasting
 * Level 3.3 Conjurations
 - Level 2.0 Transmutations
 * Level 6.1 Earth Magic


You had 5 spell levels left.
You knew the following spells:

 Your Spells              Type           Power      Damage    Failure   Level
a - Sandblast             Erth           50%        2d12      1%          1
b - Stone Arrow           Conj/Erth      38%        3d9       9%          3
c - Passwall              Tmut/Erth      14%        N/A       6%          2

Your spell library contained the following spells:

 Spells                   Type           Power      Damage    Failure   Level
 Apportation              Tloc           4%         N/A       22%         1
 Brom's Barrelling Bould  Conj/Erth      19%        2d4       30%         4
 Jinxbite                 Hex            4%         N/A       32%         2
 Petrify                  Tmut/Erth      17%        N/A       36%         4
 Alistair's Intoxication  Tmut/Pois      4%         N/A       98%         5


Dungeon Overview and Level Annotations

Branches:
Dungeon (3/15)

Altars:
Cheibriados


Innate Abilities, Weirdness & Mutations

You are immune to sickness and miasma.
Your stone body is resilient. (AC +4)
You are immune to poison.
You resist negative energy. (rN+)
You are resistant to electric shocks. (rElec)
You are resistant to unholy torment.
You are immune to petrification.


Message History

The blast of sand hits the ogre!
You kill the ogre!
Your Conjurations skill increases to level 3!
Your Earth Magic skill increases to level 6!
You start resting.
Magic restored.
You see here a +0 giant club.
Casting: Sandblast (safe; 1% risk of failure)
Confirm with . or Enter, or press ? or * to list all spells.
You can't see any susceptible monsters within range! (Use Z to cast anyway.)
Casting: Sandblast (safe; 1% risk of failure)
Confirm with . or Enter, or press ? or * to list all spells.
Aiming: Sandblast (safe; 1% risk of failure)
Press: ? - help, Shift-Dir - straight line, f - dart slug
Aim: a dart slug (100% to hit)
The blast of sand hits the dart slug!!
You kill the dart slug!
Casting: Sandblast (safe; 1% risk of failure)
Confirm with . or Enter, or press ? or * to list all spells.
You can't see any susceptible monsters within range! (Use Z to cast anyway.)
A centaur comes into view.
Found a stone staircase leading up.
The centaur wields a +0 orcbow.
The centaur shoots an arrow.
The arrow hits you!
The centaur shoots an arrow.
The arrow hits you!
The centaur shoots an arrow.
The arrow hits you.
The centaur shoots an arrow.
The arrow hits you.
Casting: Sandblast (safe; 1% risk of failure)
Confirm with . or Enter, or press ? or * to list all spells.
You can't see any susceptible monsters within range! (Use Z to cast anyway.)
You enter the shallow water.
Moving in this stuff is going to be slow.
Found a scroll labelled ADODOPS ARHOUH.
The centaur shoots an arrow.
The arrow closely misses you.
The centaur shoots an arrow.
The arrow hits you.
* * * LOW HITPOINT WARNING * * *
The centaur shoots an arrow.
The arrow hits you.
* * * LOW HITPOINT WARNING * * *
You are confused.
You feel invigorated.
The centaur shoots an arrow.
The arrow hits you!
You die...

...............#
######.########
#.............#.
#.#.~~~......c..#
##~≈≈≈~c####...#
# #_~~.≈~......#
#..##~≈≈≈~.###.##
......~~~.##
.......@###
.......<#
.......## .?.....
....... ##..#+#
.... .##


You could see a centaur.

Vanquished Creatures
  An ogre (D:5)
  A phantom (D:5)
  A jelly (D:5)
  2 sleepcaps (D:5)
  5 adders
  2 dart slugs
  3 orcs (D:5)
  7 bats
  5 endoplasms
  2 giant cockroaches
  A goblin (D:1)
  2 hobgoblins
  2 kobolds (D:1)
  2 quokkas
  6 ball pythons
  2 frilled lizards (D:2)
  A rat (D:1)
45 creatures vanquished.

Notes
Turn   | Place    | Note
-------+----------+-------------------------------------------
     0 | D:1      | garrulousMonolith the Gargoyle Earth Elementalist began the
                  | quest for the Orb.
     0 | D:1      | Reached XP level 1. HP: 10/10 MP: 3/3
    89 | D:1      | Reached skill level 1 in Transmutations
   328 | D:1      | Reached XP level 2. HP: 15/15 MP: 3/5
   481 | D:1      | Reached skill level 4 in Earth Magic
  1240 | D:2      | Reached XP level 3. HP: 19/19 MP: 3/6
  1244 | D:2      | Learned a level 3 spell: Stone Arrow
  1247 | D:2      | Learned a level 2 spell: Passwall
  1708 | D:2      | Reached XP level 4. HP: 22/24 MP: 2/7
  2186 | D:3      | You fall into a shaft and drop 2 floors!
  2186 | D:5      | Entered Level 5 of the Dungeon
  2205 | D:5      | Noticed a phantom
  2220 | D:5      | Killed a phantom
  2221 | D:5      | Reached skill level 5 in Earth Magic
  2221 | D:5      | Reached XP level 5. HP: 22/28 MP: 2/9
  2493 | D:5      | Reached XP level 6. HP: 17/32 MP: 4/10
  2689 | D:5      | Found a snail-covered altar of Cheibriados.
  2696 | D:5      | Reached skill level 6 in Earth Magic
  2760 | D:5      | Shot with an arrow by a centaur

Illustrated notes

Levels and vault maps discovered:
D:1:      eino_arrival_water_cross, layout_loops_corners
D:2:      layout_loops_ring, kennysheep_generic_room_16
D:3:      cheibrodos_fertilizer, layout_loops_ring, lemuel_round_altar,
          minitemple, serial_shops, shop, shop,
          hellmonk_ecumenical_altar_prayer_group
D:5:      layout_basic, kennysheep_slug_shrine, general_overflow_altar,
          uniq_pikel

Skill      XL: |  1  2  3  4  5  6 |
---------------+-------------------+-----
Transmutations | 1 2 |  2.0
Earth Magic    | 4 5 6 |  6.1
Conjurations   | 2 3 |  3.3
Spellcasting   | 3 |  3.2
Dodging        | |  1.5
Stealth        | |  2.1

Action                     |  1- 3 |  4- 6 || total
---------------------------+-------+-------++-------
  Melee: Hand axe          |    33 |       ||    33
         Punch             |     1 |       ||     1
   Cast: Sandblast         |    48 |    48 ||    96
    Use: Scroll            |     1 |     3 ||     4
         Potion            |       |     1 ||     1
 Armour: Leather armour    |    46 |    28 ||    74
  Dodge: Dodged            |    44 |    21 ||    65

Table legend: (Time is in decaauts)
 A = Elapsed time spent in this place.
 B = Non-inter-level travel time spent in this place.
 C = Inter-level travel time spent in this place.
 D = Time resting spent in this place.
 E = Time spent auto-exploring this place.
 F = Levels seen in this place.
 G = Mean time per level.
                   A        B        C        D        E       F      G
               +--------+--------+--------+--------+--------+-----+--------+
         Total |   2818 |   2762 |     56 |    525 |   1798 |   4 |  704.5 |
       Dungeon |   2818 |   2762 |     56 |    525 |   1798 |   4 |  704.5 |
               +--------+--------+--------+--------+--------+-----+--------+

Top non-repeatable levels by time:
     D:1: 1137 daAuts
     D:2: 935 daAuts
     D:5: 594 daAuts
     D:3: 151 daAuts
